[Event "Late-Titled-Tuesday-Blitz-May-28-2024"]
[Site "Chess.com"]
[Date "2024.05.28"]
[Round "4"]
[White "CarlosjPineror"]
[Black "Bilan_Danila"]
[Result "0-1"]
[WhiteElo "2762"]
[BlackElo "2566"]
[TimeControl "180+1"]
[EndTime "14:39:03 PDT"]
[Termination "Bilan_Danila won by resignation"]

1. e4 c6 2. f4 d5 3. e5 Bf5 4. Nf3 e6 5. g3 c5 6. Bg2 Nc6 7.
O-O c4 8. d4 cxd3 9. cxd3 Bc5+ 10. d4 Bb6 11. Nc3 Nge7 12. Be3 Be4 13. g4 h5 14. h3 hxg4 15. hxg4 Ng6 16. Ng5 Bxg2 17. Kxg2 Qe7 18. Nb5 f6 19. Nd6+ Kd7 20. Nf3 fxe5 21.
Nxe5+ Kxd6 22. Nxg6 Qf6 23. Nxh8 Rxh8 24. Rh1 Rxh1 25.
Qxh1 Bxd4 26. Qe1 Bxe3 27. Rd1 Qxf4 28. Qe2 Ne5 29. Rf1 Qe4+ 30. Kh3 Ng6 31. Qf3 Qxf3+ 32.
Rxf3 d4 33. Kg2 Nf4+ 34. Kf1 e5 35. Ke1 e4 36. Rg3 Nd3+ 37. Kd1 Nxb2+ 38. Kc2 Nc4 39.
Rh3 d3+ 40. Kd1 Bg5 41. Rh2 e3 0-1

[Event "Late-Titled-Tuesday-Blitz-May-28-2024"]
[Site "Chess.com"]
[Date "2024.05.28"]
[Round "4"]
[White "merinasian"]
[Black "cassoulet"]
[Result "1-0"]
[WhiteElo "2446"]
[BlackElo "2708"]
[TimeControl "180+1"]
[EndTime "14:39:03 PDT"]
[Termination "merinasian won by resignation"]

1. d4 Nf6 2. Nf3 g6 3. Bf4 Bg7 4. e3 O-O 5. h3 d6 6. Be2 Nbd7 7.
O-O a6 8. c4 c5 9. Nc3 b6 10. d5 Bb7 11. e4 b5 12. cxb5 axb5 13. Bxb5 Ba6 14. Bxa6 Rxa6 15. Qe2 Qa8 16. e5 dxe5 17.
Nxe5 Nxe5 18. Bxe5 Rb6 19. Rfd1 Rd8 20. d6 Rbxd6 21.
Bxd6 exd6 22. a4 d5 23. a5 d4 24. Nb5 Nd5 25. a6 Qc6 26. a7 Bf6 27. Qf3 Kg7 28. Nc7 Qxc7 29. a8=Q Rxa8 30. Rxa8 Nf4 31. Ra6 Be5 32. Rc6 Qe7 33. Re1 Qg5 34. Rxc5 f6 35.
g3 Nxh3+ 36. Kh2 Bxg3+ 37. Qxg3 Qxc5 38. Qxh3 f5 39. Qd3 Qd6+ 40. Kg2 Qd5+ 41. f3 Qd8 42.
Rd1 Qg5+ 43. Kf2 Qh4+ 44. Ke2 Qh2+ 45. Ke1 Qg1+ 46. Kd2 Qh2+ 47. Kc1 Qc7+ 48. Kb1 Kf7 49. Qxd4 Qh2 50. Qd5+ Kf6 51. Qd6+ Qxd6 52. Rxd6+ Ke5 53. Rd7 h5 54. b4 h4 55. b5 Ke6 56. Rh7 g5 57. b6 1-0

[Event "Late-Titled-Tuesday-Blitz-May-28-2024"]
[Site "Chess.com"]
[Date "2024.05.28"]
[Round "4"]
[White "laskakid"]
[Black "TheDiscoOne"]
[Result "1-0"]
[WhiteElo "2360"]
[BlackElo "2510"]
[TimeControl "180+1"]
[EndTime "14:39:04 PDT"]
[Termination "laskakid won by checkmate"]

1. e4 c5 2. Nf3 g6 3. d3 Nc6 4. g3 Bg7 5. Bg2 h5 6. h4 d6 7.
O-O Bg4 8. c3 Qd7 9. Nbd2 Nh6 10. Re1 f5 11. Qb3 O-O-O 12. Ng5 fxe4 13. Ndxe4 Rhf8 14. Be3 Nf5 15. Ne6 Nxe3 16. Nxf8 Rxf8 17. Rxe3 Kb8 18.
Ng5 Bh6 19. Rae1 e5 20. Qd5 Bxg5 21. hxg5 Be6 22. Qe4 Rf5 23. f4 h4 24. Bh3 hxg3 25. Bxf5 Bxf5 26. Qf3 exf4 27. Qxf4 Ne5 28. Qxg3 Qa4 29.
Rxe5 dxe5 30. Qxe5+ Kc8 31. Qh8+ Kd7 32. Qe8+ Kd6 33. Qxa4 b5 34. Qf4+ Kc6 35. d4 cxd4 36. cxd4 Kd5 37. Re5+ Kc4 38. Rc5+ Kd3 39. Qf3+ Kxd4 40.
Qc3+ Ke4 41. Re5+ Kf4 42. Qe3+ Kg4 43. Kh2 b4 44. Qg3+ Kh5 45. Rxf5 gxf5 46. g6 f4 47. Qxf4 Kxg6 48. Qxb4 a5 49. Qxa5 Kf6 50. b4 Ke6 51.
b5 Kd6 52. b6 Kc6 53. Qa6 Kd7 54. b7 Kc7 55. Qa7 Kc6 56. b8=Q Kd5 57. Qab6 Ke4 58. Q8d6 Kf3 59. Qb3+ Ke2 60. Qe5+ Kd2 61. Qee3# 1-0

[Event "Late-Titled-Tuesday-Blitz-May-28-2024"]
[Site "Chess.com"]
[Date "2024.05.28"]
[Round "4"]
[White "N_Mullodzhanov"]
[Black "carloseduar100"]
[Result "0-1"]
[WhiteElo "2497"]
[BlackElo "2302"]
[TimeControl "180+1"]
[EndTime "14:39:04 PDT"]
[Termination "carloseduar100 won by checkmate"]

1. e4 e6 2. d4 d5 3. Nc3 Nf6 4. e5 Nfd7 5. Nce2 f6 6. exf6 Nxf6 7. Nf3 Bd6 8. Bf4 O-O 9. g3 Nc6 10. h4 Re8 11. c3 e5 12. dxe5 Nxe5 13. Nxe5 Bxe5 14.
Bxe5 Rxe5 15. Qd4 Qe7 16. Qd2 Bg4 17. Rh2 Re8 18. f4 Re3 19. Rc1 c6 20. Rc2 Qc5 21.
Qd4 Qxd4 22. cxd4 Rxg3 23. Kd2 Ne4+ 24. Kc1 Re3 25. Rg2 Nf6 26. b3 Rf3 27. Ng3 Rxf1+ 28.
Nxf1 Re1+ 29. Kb2 Rxf1 30. Rgf2 Rxf2 31. Rxf2 Kf7 32. f5 Ne4 33. Rf4 h5 34. Kc2 Kf6 35. Kd3 Bxf5 36. Ke3 g6 37. b4 a6 38. a4 Nc3 39. a5 Na2 40. Rf1 Nxb4 41. Rf2 Nc2+ 42. Kf4 Nxd4 43. Rb2 Bc8 44. Rd2 Nf5 45. Re2 Be6 46. Rb2 Nd6 47. Rb1 d4 48. Rd1 c5 49.
Rd3 Bf5 50. Rf3 Ke6 51. Rf2 Kd5 52. Rb2 c4 53. Kf3 c3 54. Rf2 d3 55. Ke3 Nc4+ 56.
Kf3 d2 57. Ke2 Bg4+ 58. Kd3 d1=Q+ 59. Kxc3 Qd4+ 60. Kb3 Nxa5+ 61. Ka3 Nc4+ 62. Kb3 Bd1+ 63. Kb4 a5+ 64. Kb5 Qc5# 0-1

[Event "Late-Titled-Tuesday-Blitz-May-28-2024"]
[Site "Chess.com"]
[Date "2024.05.28"]
[Round "4"]
[White "Umumba_FM"]
[Black "maracayo"]
[Result "0-1"]
[WhiteElo "2605"]
[BlackElo "2429"]
[TimeControl "180+1"]
[EndTime "14:39:06 PDT"]
[Termination "maracayo won by checkmate"]

1. d4 d6 2. e4 Nf6 3. Nc3 c6 4.
a4 Qa5 5. Bd3 e5 6. Ne2 Nbd7 7.
O-O Be7 8. f4 O-O 9. Kh1 b5 10.
Be3 b4 11. Nb1 c5 12. c3 bxc3 13. bxc3 Re8 14. Nd2 Bf8 15. Nc4 Qc7 16. fxe5 dxe5 17. d5 Ba6 18. Ng3 Rad8 19. Nxe5 Qxe5 20. Bxa6 Qxc3 21.
Bg5 h6 22. Bxf6 Nxf6 23. Bd3 g6 24. Rc1 Qd4 25. Rc4 Qe5 26. Qf3 Bg7 27. Rxc5 h5 28. Rc6 h4 29. Ne2 Rd6 30. Rxd6 Qxd6 31. Ng1 Rc8 32. Nh3 Rc3 33. Qe2 Nd7 34. Ng5 Ne5 35. Bb1 Bh6 36. Nf3 Bf4 37. Nxh4 Bxh2 38. Nf3 Bg3 39.
Nxe5 Qxe5 40. Qg4 Kg7 41. d6 Qxd6 42. Ba2 Rc7 43. Bd5 Be5 44. Qf3 Re7 45. Bxf7 Qf6 46. Qxf6+ Bxf6 47. Bd5 Bd4 48. Rb1 Kh6 49. g3 Kg5 50.
Kg2 Rc7 51. Rb5 Rc2+ 52. Kf3 Rf2# 0-1

[Event "Late-Titled-Tuesday-Blitz-May-28-2024"]
[Site "Chess.com"]
[Date "2024.05.28"]
[Round "4"]
[White "colegiodemadrid"]
[Black "Iuckyducky"]
[Result "1-0"]
[WhiteElo "2507"]
[BlackElo "2255"]
[TimeControl "180+1"]
[EndTime "14:39:09 PDT"]
[Termination "colegiodemadrid won by resignation"]

1. d4 Nf6 2. c4 e6 3. Nc3 b6 4.
f3 Bb7 5. e4 d5 6. cxd5 exd5 7. e5 Nfd7 8. f4 Be7 9. Nf3 O-O 10.
Bd3 c5 11. Be3 cxd4 12. Nxd4 Nc5 13. Bc2 Ne4 14. O-O Nd7 15. Qf3 Nxc3 16. bxc3 Rc8 17. Qh5 g6 18. Qh6 Re8 19. Bd2 Bf8 20. Qh3 Nc5 21.
Rae1 Ne4 22. Bxe4 dxe4 23. Qg3 Qd5 24. h4 h5 25. f5 Qxe5 26. Bf4 Qg7 27. Bg5 Qe5 28.
Bf4 Qg7 29. fxg6 fxg6 30. Bg5 Qe5 31. Qe3 Bg7 32. Bf4 Qa5 33. Rc1 Qxa2 34. Qg3 Kh7 35. Be3 Rf8 36. Rxf8 Rxf8 37. Qc7 Qf7 38. Qg3 Qa2 39.
c4 Qb2 40. Ne6 Rf7 41. Ng5+ Kh8 42. Nxf7+ Kg8 43. Qb8+ Kxf7 44. Qxb7+ Kg8 45. Qxe4 Kh7 46. Rf1 a5 47. Rf7 Qa1+ 48. Kh2 Kg8 49. Qe8+ Kh7 50. Qe4 a4 51. Qf4 a3 52. Qh6+ Kg8 53. Qxg6 a2 54.
Re7 Qf6 55. Re8+ Qf8 56. Rxf8+ Kxf8 57. Qf5+ Kg8 58. Qe6+ Kf8 59. Qc8+ Kf7 60. Qb7+ Kf8 61. Qa8+ Kf7 62. Qxa2 Be5+ 63. g3 Ke6 64. Bf4 1-0

[Event "Late-Titled-Tuesday-Blitz-May-28-2024"]
[Site "Chess.com"]
[Date "2024.05.28"]
[Round "4"]
[White "MatthewG-p4p"]
[Black "DucksParadise"]
[Result "1-0"]
[WhiteElo "2846"]
[BlackElo "2559"]
[TimeControl "180+1"]
[EndTime "14:39:10 PDT"]
[Termination "MatthewG-p4p won on time"]

1. e4 c5 2. c3 Nf6 3. e5 Nd5 4.
Nf3 d6 5. Bc4 e6 6. d4 cxd4 7.
cxd4 Be7 8. O-O O-O 9. Bd2 b6 10. Qe2 Bb7 11. Nc3 Nd7 12. Ne4 dxe5 13. dxe5 Nc5 14.
Nxc5 Bxc5 15. a3 a5 16. Rac1 Rc8 17. Rfd1 Qe7 18. Bg5 f6 19. exf6 gxf6 20. Bh6 Rfd8 21. Nd4 Nf4 22. Qg4+ Kh8 23. Qxf4 Rxd4 24. Rxd4 e5 25.
Rd7 exf4 26. Rxe7 Bxe7 27. Bxf4 Kg7 28. h4 h5 29. a4 Bc5 30. b3 Re8 31. Rd1 Re7 32. Kf1 Bc6 33. Bg3 Kg6 34. Bd3+ f5 35.
Bc4 Be4 36. f3 Bc2 37. Rc1 f4 38. Bxf4 Bf5 39. Bg3 Bb4 40. Bf2 Rd7 41. g3 Rd2 42.
Bxb6 Bh3+ 43. Kg1 Rg2+ 44. Kh1 Rxg3 45. Rg1 1-0

[Event "Late-Titled-Tuesday-Blitz-May-28-2024"]
[Site "Chess.com"]
[Date "2024.05.28"]
[Round "4"]
[White "kingofthenil"]
[Black "aval7an"]
[Result "1-0"]
[WhiteElo "2930"]
[BlackElo "2686"]
[TimeControl "180+1"]
[EndTime "14:39:11 PDT"]
[Termination "kingofthenil won on time"]

1. Nf3 d5 2. d3 Nf6 3. Nc3 h6 4.
g3 Bf5 5. Bg2 e6 6. O-O Be7 7.
e4 Bh7 8. Qe2 O-O 9. Bf4 c6 10.
Rfe1 a5 11. h3 a4 12. a3 d4 13. Na2 c5 14. Ne5 Ra6 15. c3 Nfd7 16. cxd4 cxd4 17. Nb4 Ra7 18. Rac1 Na6 19. Nbc6 bxc6 20. Nxc6 Qb6 21. Nxe7+ Kh8 22. Nc6 Rb7 23. Rc4 Qxb2 24. Qxb2 Rxb2 25. Rxa4 Ndc5 26. Rxd4 Rb3 27. Bd6 Rc8 28.
Nb4 Nxb4 29. Rxb4 Rxb4 30. axb4 Nxd3 31. Rd1 Nb2 32. b5 Nxd1 33. b6 Nc3 34. b7 Re8 35. f3 f6 36. Bf1 e5 37. Kf2 Bg8 38. Ke3 Rd8 39. Bc7 Re8 40. Kd2 Na4 41. Bb5 Re7 42.
b8=Q Nc5 43. Bc4 1-0

[Event "Late-Titled-Tuesday-Blitz-May-28-2024"]
[Site "Chess.com"]
[Date "2024.05.28"]
[Round "4"]
[White "Aygehovit1992"]
[Black "DanielNaroditsky"]
[Result "0-1"]
[WhiteElo "2818"]
[BlackElo "3082"]
[TimeControl "180+1"]
[EndTime "14:39:12 PDT"]
[Termination "DanielNaroditsky won on time"]

1. e4 e5 2. Nf3 Nc6 3. Bb5 a6 4. Ba4 d6 5. O-O Bd7 6. Bxc6 Bxc6 7. Nc3 Ne7 8. d4 Ng6 9. Re1 Be7 10. a4 O-O 11. a5 f5 12. dxe5 dxe5 13. Qxd8 Raxd8 14. Ng5 Bxg5 15. Bxg5 Rd4 16. Be3 Rc4 17. exf5 Rxf5 18.
Rad1 Rg4 19. Rd8+ Kf7 20. g3 Nh4 21. Kf1 Nf3 22. h3 Rb4 23. Rb1 Nd4 24. Rc8 Nxc2 25. Rxc7+ Kg6 26. Bb6 Nd4 27. Nd1 Rb3 28. Bxd4 exd4 29.
Rc1 Rxg3 30. R1xc6+ bxc6 31. Rxc6+ Kh5 32. Rxa6 Rb3 33.
Ra7 Kg6 34. a6 Ra5 35. Ra8 Rb6 36. a7 Rd6 37. Ke2 Rd7 38. Kd3 Raxa7 39. Rxa7 Rxa7 40. b4 Kf5 41. Nb2 Ke5 42. Nc4+ Kd5 43. Nb6+ Kc6 44. Nc4 Ra2 45. f4 Rh2 46. Kxd4 Rxh3 47. Ne5+ Kb5 48. Ke4 Rg3 49. Nd7 h5 0-1

[Event "Late-Titled-Tuesday-Blitz-May-28-2024"]
[Site "Chess.com"]
[Date "2024.05.28"]
[Round "4"]
[White "Rakitic2010"]
[Black "olawsson"]
[Result "0-1"]
[WhiteElo "2471"]
[BlackElo "2170"]
[TimeControl "180+1"]
[EndTime "14:39:12 PDT"]
[Termination "olawsson won by checkmate"]

1. h3 d6 2. a3 e5 3. d3 f5 4.
Nc3 Nf6 5. Bg5 Be7 6. e4 O-O 7. Nf3 c6 8. Be2 f4 9. d4 h6 10. Bxf6 Bxf6 11. dxe5 dxe5 12. Bc4+ Kh7 13. Qxd8 Rxd8 14. Ke2 b5 15. Bb3 a5 16. Rad1 Nd7 17.
Rd2 Ba6 18. Ke1 Nc5 19. Ba2 b4 20. axb4 axb4 21. Nd1 Nxe4 22. Rxd8 Rxd8 23. g3 fxg3 24. fxg3 Rxd1+ 25. Kxd1 Nf2+ 26. Ke1 Nxh1 27. c3 bxc3 28. Bb1+ g6 29. bxc3 Nxg3 30. Kf2 Nf5 31. Nd2 Kg7 32. Ne4 Bc4 33. Nd2 Bd5 34. c4 Be6 35. Bd3 Bh4+ 36.
Kf3 Nd4+ 37. Kg2 Bf5 38. Bf1 Bg5 39. Nf3 Be4 40. c5 Bxf3+ 41. Kg3 Bf4+ 42. Kf2 Bd5 43.
h4 Kf6 44. h5 gxh5 45. Bd3 e4 46. Ba6 e3+ 47. Kf1 Ke5 48. Ke1 Bg3+ 49. Kf1 e2+ 50.
Bxe2 Nxe2 51. Kxe2 Kf4 52. Kd3 h4 53. Kd4 h3 54.
Kc3 h2 55. Kb4 h1=Q 56. Ka5 Qb1 57. Ka6 Qb8 58. Ka5 Qb5# 0-1

[Event "Late-Titled-Tuesday-Blitz-May-28-2024"]
[Site "Chess.com"]
[Date "2024.05.28"]
[Round "4"]
[White "Magicmaster17"]
[Black "Ramosha"]
[Result "1-0"]
[WhiteElo "2877"]
[BlackElo "2563"]
[TimeControl "180+1"]
[EndTime "14:39:15 PDT"]
[Termination "Magicmaster17 won by resignation"]

1. d4 Nf6 2. Nf3 e6 3. c4 d5 4. cxd5 exd5 5. Nc3 Bb4 6. Bg5 c6 7. e3 Qa5 8. Rc1 Ne4 9. Bd3 Nxc3 10. bxc3 Bxc3+ 11. Kf1 h6 12. Bf4 Bb4 13. Ne5 Be6 14.
Rb1 Nd7 15. Qb3 Bd6 16. Nxf7 Kxf7 17. Bxd6 Rhe8 18. Qc2 Kg8 19. Rxb7 Rac8 20. Bb4 Qd8 21. Bg6 c5 22. dxc5 Rf8 23. c6 Ne5 24. Bc3 Qg5 25. h4 Qg3 26. Kg1 Nf3+ 27. Kf1 Ne5 28. Rg1 Rxc6 29.
Bxe5 Rxc2 30. Bxg3 Rc1+ 31. Ke2 Rxg1 32. Be5 Bf7 33. Bc2 Rxg2 34. Rxa7 Rg4 35. Bb3 Rxh4 36. Bxd5 Rh5 37. f4 Rxe5 38. Bxf7+ Rxf7 39. Ra8+ Rf8 40. Rxf8+ Kxf8 41. fxe5 Ke8 42. a4 Ke7 43. a5 g5 44. a6 Ke6 45. a7 Kxe5 46. a8=Q Kf5 47. Qf3+ Kg6 48. Qe4+ Kh5 49. Kf2 g4 50. Kg3 Kg5 51.
Qxg4+ Kf6 52. Qh5 Kg7 53. Kf4 1-0

[Event "Late-Titled-Tuesday-Blitz-May-28-2024"]
[Site "Chess.com"]
[Date "2024.05.28"]
[Round "4"]
[White "Fonsofan"]
[Black "Problematique_99"]
[Result "0-1"]
[WhiteElo "2779"]
[BlackElo "2557"]
[TimeControl "180+1"]
[EndTime "14:39:16 PDT"]
[Termination "Problematique_99 won on time"]

1. e4 a6 2. c4 c5 3. Nc3 Nc6 4.
Nf3 e5 5. g3 g6 6. Bh3 Bg7 7.
O-O Nge7 8. d3 Rb8 9. Nd5 O-O 10. Be3 d6 11. Bxc8 Qxc8 12. Ne1 b5 13. b3 f5 14. f3 f4 15. Bf2 fxg3 16. hxg3 Nxd5 17. cxd5 Nd4 18.
Kg2 Rb7 19. Rc1 Rc7 20. Be3 h5 21. Nc2 Qd7 22. Nxd4 cxd4 23. Rxc7 Qxc7 24. Qc1 Qc3 25. Qxc3 dxc3 26. b4 Rc8 27. Rc1 Kh7 28. Kf2 Bh6 29. f4 h4 30. gxh4 exf4 31. Bd4 c2 32. Kf3 g5 33.
hxg5 Bxg5 34. Bb2 Kg6 35. Rg1 Rc7 36. Bc1 Kf6 37. Bb2+ Kg6 38. a3 Rh7 39. Bc1 Rh3+ 40. Ke2 Rg3 41. Rf1 f3+ 42. Kf2 Bh4 43. Ke3 f2+ 44.
Ke2 Rg1 45. d4 Rxf1 46. Kxf1 Bg5 0-1

[Event "Late-Titled-Tuesday-Blitz-May-28-2024"]
[Site "Chess.com"]
[Date "2024.05.28"]
[Round "4"]
[White "AradNazari"]
[Black "Shuvalov"]
[Result "1-0"]
[WhiteElo "2790"]
[BlackElo "2555"]
[TimeControl "180+1"]
[EndTime "14:39:17 PDT"]
[Termination "AradNazari won by resignation"]

1. e4 e6 2. d4 d5 3. e5 c5 4. c3 Nc6 5. Nf3 Qb6 6. a3 Bd7 7. b4 cxd4 8. cxd4 Rc8 9. Bb2 Nge7 10. Bd3 Na5 11. Nbd2 Nc4 12. Bc1 Nf5 13. Nxc4 dxc4 14. Bxf5 exf5 15. O-O Be7 16. d5 O-O 17. Be3 Qa6 18. d6 Bd8 19. a4 c3 20. b5 Qa5 21.
Nd4 Bb6 22. Nc2 Rfe8 23. Bxb6 Qxb6 24. Re1 Qc5 25. Qe2 f6 26. Qf3 Rxe5 27. Qxb7 Rxe1+ 28. Rxe1 Qxd6 29. Qxa7 Qd2 30. b6 Bc6 31. b7 Bxb7 32.
Qxb7 Rf8 33. Qb3+ Kh8 34. h4 h6 35. h5 f4 36. a5 Ra8 37. a6 Kh7 38. Qb7 Rg8 39.
Qe4+ Kh8 40. a7 Qd8 41. Ra1 Qa8 42. Qxa8 Rxa8 43. Ra3 Kg8 44. Kf1 Kf7 45. Ke2 Ke6 46.
Nb4 Kd7 47. Nd5 Kc6 48. Nxc3 Kb7 49. Nb5 Kb6 50. Nd6 Kc7 51. Nf5 Kb7 52. Kf3 Rxa7 53.
Rxa7+ Kxa7 54. Nxg7 Kb7 55. Nf5 Kc6 56. Nxh6 1-0

[Event "Late-Titled-Tuesday-Blitz-May-28-2024"]
[Site "Chess.com"]
[Date "2024.05.28"]
[Round "4"]
[White "SaiHanThiha"]
[Black "Meri-Arabidze"]
[Result "0-1"]
[WhiteElo "2515"]
[BlackElo "2700"]
[TimeControl "180+1"]
[EndTime "14:39:18 PDT"]
[Termination "Meri-Arabidze won on time"]

1. Nf3 d5 2. g3 Nf6 3. Bg2 e6 4. O-O Be7 5. d3 c5 6. e4 Nc6 7. Bf4 O-O 8. Ne5 Bd7 9. Nxd7 Qxd7 10. e5 Ne8 11. a4 Nc7 12. c3 b6 13. Nd2 a6 14. Qg4 Kh8 15. Nf3 b5 16. axb5 axb5 17.
h4 c4 18. d4 b4 19. h5 bxc3 20. h6 g6 21. bxc3 Nb5 22. Bd2 Na5 23. Bg5 Nxc3 24.
Qh4 Bxg5 25. Nxg5 Qe7 26. Rfe1 Kg8 27. Qf4 Nb3 28. Rxa8 Rxa8 29. Bf1 Nb5 30. Re3 N5xd4 31. g4 Nc6 32. Rf3 Ra7 33. Kg2 Nbd4 34. Rh3 Nb5 35.
Rg3 Nc7 36. Rf3 Ne8 37. Rg3 Qc7 38. Re3 d4 39. Re4 c3 40. Bd3 Ra5 41. Rxd4 Nxd4 42. Qxd4 Rd5 43. Qf4 Rxd3 44. Ne4 Rd4 0-1

[Event "Late-Titled-Tuesday-Blitz-May-28-2024"]
[Site "Chess.com"]
[Date "2024.05.28"]
[Round "4"]
[White "ChessSwole"]
[Black "David_ATM"]
[Result "1-0"]
[WhiteElo "2686"]
[BlackElo "2423"]
[TimeControl "180+1"]
[EndTime "14:39:18 PDT"]
[Termination "ChessSwole won by resignation"]

1. Nf3 d5 2. e3 Nf6 3. c4 c6 4. Nc3 Bf5 5. cxd5 Nxd5 6. Qb3 Nxc3 7. Qxb7 Nd7 8. bxc3 Qc8 9. Ba6 Nc5 10. Qxc8+ Bxc8 11. Bxc8 Rxc8 12. Ba3 e6 13. Ke2 Na4 14. Bxf8 Kxf8 15. Rab1 Nb6 16. Rb4 Ke7 17. a4 Rc7 18. Rhb1 c5 19.
Rh4 Nd5 20. a5 h6 21. Ra4 Rd8 22. Ne5 f6 23. Nc4 e5 24. a6 Rdd7 25. Rb5 Ke6 26. Raa5 Rc8 27. Rxc5 Rcd8 28. Rc6+ Ke7 29. d4 Nxc3+ 30.
Kd3 exd4 31. e4 Nd1 32. Ra2 Nc3 33. Rb2 Na4 34. Rb7 Nb6 35. Nxb6 axb6 36. Rcxb6 Ra8 37. Rxd7+ Kxd7 38. Kxd4 Kc7 39. Kc5 Re8 40. Rb7+ Kc8 41. f3 Re5+ 42. Kd4 Ra5 43. Rxg7 Rxa6 44. Rg6 Kd7 45.
Rxh6 Ke6 46. Ke3 Ra2 47. Rg6 Kf7 48. Rg4 f5 49. exf5 Kf6 50. Kf4 Ra4+ 51. Kg3 Ra2 52. Rf4 Ra1 53. h4 Ra8 54. Rg4 Kxf5 55. Rg5+ Kf6 56.
Kg4 Ra4+ 57. f4 Ra2 58. g3 Ra1 59. h5 Rh1 60. Rg6+ Kf7 61. Kg5 Rh3 62. g4 Ra3 63.
f5 Ra8 64. h6 Ra1 65. Rg7+ Kf8 66. Kg6 Rh1 67. g5 Rh2 68. f6 Rh1 69. h7 Ke8 70. Rg8+ 1-0

[Event "Late-Titled-Tuesday-Blitz-May-28-2024"]
[Site "Chess.com"]
[Date "2024.05.28"]
[Round "4"]
[White "TatjanaVasilevich"]
[Black "MaxLeto"]
[Result "1-0"]
[WhiteElo "2591"]
[BlackElo "2403"]
[TimeControl "180+1"]
[EndTime "14:39:18 PDT"]
[Termination "TatjanaVasilevich won by checkmate"]

1. d4 h5 2. e4 h4 3. Nc3 d6 4. f4 h3 5. g3 Nf6 6. Nf3 c6 7. Bd3 Bg4 8. O-O e6 9. Qe1 Qb6 10. Be3 Bxf3 11. Rxf3 Ng4 12. Na4 Qc7 13. Bd2 b5 14.
Nc3 Qb6 15. Ne2 e5 16. c3 c5 17. a4 c4 18. Bc2 exd4 19. cxd4 Nc6 20. a5 Nxd4 21.
Nxd4 Qxd4+ 22. Kh1 Qxb2 23. Rc1 Qd4 24. Bc3 Qc5 25. e5 O-O-O 26. Bf5+ Kb8 27. Bxg4 d5 28. e6 d4 29. Ba1 f5 30. e7 Bxe7 31. Bxf5 Qxf5 32. Qxe7 Rhe8 33. Qg5 Qe4 34. Qxb5+ Ka8 35. Qh5 Qe1+ 36. Rf1 Qe4+ 37. Qf3 d3 38. Qxe4+ Rxe4 39. Bc3 Rde8 40. Rce1 Rxe1 41. Rxe1 Rb8 42. Kg1 Rb3 43.
a6 Kb8 44. Ba5 Kc8 45. Rc1 Ra3 46. Rxc4+ Kd7 47. Rd4+ Ke6 48. Bd2 Kf5 49. Kf2 Kg4 50. Ke3 Rxa6 51. Rxd3 g5 52. fxg5 Kxg5 53. Kf3+ Kh5 54.
Rd5+ Kg6 55. Kg4 Ra2 56. Kxh3 a6 57. Kg4 Ra4+ 58. Bf4 a5 59. h4 Ra2 60. h5+ Kf7 61. h6 a4 62. Rd7+ Ke6 63. Rd6+ Ke7 64. h7 Rh2 65. Rh6 Rxh6 66. Bxh6 a3 67. h8=Q a2 68. Qa1 Kf7 69. Qxa2+ Kg6 70. Qg8+ Kf6 71. Qg5+ Kf7 72. Qf5+ Kg8 73. Qg6+ Kh8 74. Qg7# 1-0

[Event "Late-Titled-Tuesday-Blitz-May-28-2024"]
[Site "Chess.com"]
[Date "2024.05.28"]
[Round "4"]
[White "TheAlienParty"]
[Black "korkmaz16"]
[Result "1-0"]
[WhiteElo "2387"]
[BlackElo "2535"]
[TimeControl "180+1"]
[EndTime "14:39:18 PDT"]
[Termination "TheAlienParty won on time"]

1. c4 c6 2. Nf3 d5 3. e3 Nf6 4. b3 Bf5 5. Bb2 e6 6. d3 h6 7. Be2 Nbd7 8. Nbd2 Bh7 9. Qc2 Be7 10. a3 O-O 11. b4 Re8 12. O-O Bd6 13. e4 Qc7 14. Rfc1 dxe4 15. dxe4 Ng4 16. h3 Nge5 17.
c5 Nxf3+ 18. Bxf3 Bf4 19. g3 Bg5 20. Bg2 Bf6 21. Nc4 Be7 22. Rd1 Red8 23. Qc3 Bf8 24. Rd6 e5 25. Rad1 f6 26. R6d2 Kh8 27. Nd6 Bg8 28.
h4 b6 29. Bh3 bxc5 30. Nf7+ Bxf7 31. Rxd7 Qb6 32. bxc5 Bxc5 33. Rxd8+ Rxd8 34. Rxd8+ Qxd8 35. Qxc5 Qd1+ 36. Kh2 Qf3 37. Bg2 Qe2 38. Bc1 Kh7 39. Be3 a6 40. Bh3 Bg6 41. Bf5 Bxf5 42. exf5 Qb5 43.
Qxb5 cxb5 44. Kg2 g6 45. g4 h5 46. fxg6+ Kxg6 47. f3 hxg4 48. fxg4 a5 49. Bd2 b4 50. axb4 axb4 51. Bxb4 f5 52. g5 Kh5 53. Kh3 e4 54. Bd2 Kg6 55. Kg3 Kh5 56. Kf4 Kg6 57. Be3 1-0

[Event "Late-Titled-Tuesday-Blitz-May-28-2024"]
[Site "Chess.com"]
[Date "2024.05.28"]
[Round "4"]
[White "rionelG"]
[Black "Quaide7"]
[Result "0-1"]
[WhiteElo "2292"]
[BlackElo "2188"]
[TimeControl "180+1"]
[EndTime "14:39:23 PDT"]
[Termination "Quaide7 won by checkmate"]

1. e4 e5 2. Nf3 Nf6 3. d4 Nxe4 4. dxe5 Bc5 5. Qd5 Nxf2 6. Qxc5 Nxh1 7. Bg5 f6 8. exf6 gxf6 9. Qe3+ Kf7 10. Qb3+ d5 11. Be3 Re8 12. Kd2 c5 13. Qd3 Kg8 14.
Bxc5 Nc6 15. Nc3 Bg4 16. Be2 d4 17. Nxd4 Bxe2 18. Ndxe2 Qxd3+ 19. cxd3 b6 20. Be3 Rad8 21. Rxh1 Ne5 22. Kc2 Nxd3 23. Bd2 Nb4+ 24. Kc1 Nxa2+ 25. Nxa2 Rxe2 26. Bc3 Rxg2 27. Bxf6 Rdd2 28. Bc3 Rc2+ 29. Kb1 Rxh2 30. Rg1+ Rhg2 31. Re1 Rce2 32. Rd1 h5 33. Nb4 h4 34. Rd7 h3 35. Nd5 Rgf2 36. Rd8+ Kf7 37. Rh8 h2 38. Ka2 Rf1 39. Rh7+ Ke6 40. Rxa7 h1=Q 41. Ra6 Ra1+ 42. Kb3 Rxa6 43. Nb4 Ra5 44. Kc4 Qe4+ 45. Kb3 Rb5 46. Ka4 Qc4 47. Ka3 Rxb4 48.
Bxb4 Rxb2 49. Kxb2 Qxb4+ 50. Kc2 Qa3 51. Kb1 b5 52. Kc2 b4 53. Kb1 Kd5 54. Kc2 Kc4 55.
Kd2 Qc3+ 56. Ke2 Kd4 57. Kf2 Ke4 58. Kf1 Kf3 59. Kg1 Qb2 60. Kh1 Qg2# 0-1

[Event "Late-Titled-Tuesday-Blitz-May-28-2024"]
[Site "Chess.com"]
[Date "2024.05.28"]
[Round "4"]
[White "biostatistician"]
[Black "nrvisakh"]
[Result "0-1"]
[WhiteElo "2573"]
[BlackElo "2908"]
[TimeControl "180+1"]
[EndTime "14:39:24 PDT"]
[Termination "nrvisakh won by resignation"]

1. d4 g6 2. Nf3 Bg7 3. c4 d6 4.
Nc3 Bg4 5. e3 Nd7 6. Be2 e5 7.
O-O Ne7 8. h3 Bxf3 9. Bxf3 c6 10.
b3 O-O 11. Ba3 exd4 12. exd4 Nf5 13. Ne2 Qa5 14. Bb2 Nh4 15. Ng3 Rae8 16. Be2 Qg5 17. Qc1 Bh6 18. Qxg5 Bxg5 19. Bc1 Bf6 20. Be3 Re7 21.
Rad1 Rfe8 22. Rfe1 Nf8 23. Kf1 Ne6 24. Bg4 Nxd4 25.
Bxd4 Rxe1+ 26. Rxe1 Rxe1+ 27. Kxe1 Bxd4 28. Bc8 b5 29. cxb5 cxb5 30. Kf1 f5 31. Ne2 Bf6 32. Bb7 g5 33. Ng3 Kf8 34. Bc8 f4 35. Nf5 Nxf5 36.
Bxf5 h6 37. Ke2 Ke7 38. Kd3 Kd8 39. Ke4 Kc7 40. Kd5 Be5 41. Bd3 Kb6 42. Be2 Ka5 43.
Kc6 a6 44. Kb7 Bd4 45. f3 Bc5 46. Bd3 Be3 47. Be2 d5 48. Kc6 d4 49. Kd5 Kb4 50. a4 bxa4 51. bxa4 a5 52. Bb5 Kc3 53. Ke4 Kd2 54. h4 gxh4 55. Bc4 Ke1 56. Be6 Kf2 57. Bh3 Ke2 58. Be6 d3 59. Bc4 Kf2 60. Kxd3 Kxg2 61. Ke2 h3 62. Ke1 h2 63. Bf1+ Kg3 0-1

[Event "Late-Titled-Tuesday-Blitz-May-28-2024"]
[Site "Chess.com"]
[Date "2024.05.28"]
[Round "4"]
[White "Qvalda"]
[Black "andrew-blr"]
[Result "0-1"]
[WhiteElo "2414"]
[BlackElo "2623"]
[TimeControl "180+1"]
[EndTime "14:39:24 PDT"]
[Termination "andrew-blr won on time"]

1. d4 d5 2. c4 e6 3. cxd5 exd5 4. Nc3 Be7 5. Bf4 c6 6. e3 Nf6 7. Bd3 O-O 8. f3 Re8 9. Nge2 Nbd7 10. O-O Nf8 11. Bg3 Bd6 12. Bf2 c5 13. Qd2 c4 14.
Bc2 Bb4 15. Rad1 b5 16. a3 Ba5 17. Qc1 b4 18. axb4 Bxb4 19. e4 dxe4 20. fxe4 Ng4 21.
Bg3 Be7 22. Qf4 Be6 23. d5 Ng6 24. dxe6 Nxf4 25. exf7+ Kh8 26. fxe8=Q+ Qxe8 27. Rxf4 Ne3 28. Rd2 Rd8 29. Rxd8 Qxd8 30. Ba4 Bc5 31. Bf2 g5 32. Rf3 Qd2 33. h3 h5 34. Bxe3 Bxe3+ 35. Kh2 g4 36. hxg4 hxg4 37. Rf5 Qxb2 38. Kg3 Bd4 39. Rh5+ Kg7 40. Rg5+ Kh6 41. Rxg4 Bxc3 42. Nxc3 Qxc3+ 43. Kh4 Qe1+ 44. Kh3 c3 45. Rh4+ Kg5 46. Rg4+ Kf6 47. Be8 c2 48. Rf4+ Ke5 49. Rf5+ Kd6 50. Rf3 c1=Q 51.
Rd3+ Ke7 0-1